 Dungeon Crawl Stone Soup version 0.19-a0-1448-g1485906 (webtiles) character file.

60 PurpleRed the Conjurer (level 3, 0/19 HPs)
             Began as a Deep Elf Conjurer on Sept 5, 2016.
             Slain by an orc wizard
             ... wielding a +0 dagger
              (5 damage)
             ... on level 4 of the Dungeon.
             The game lasted 00:05:13 (619 turns).

PurpleRed the Conjurer (Deep Elf Conjurer)           Turns: 619, Time: 00:05:14

Health: 0/19       AC:  3    Str:  5    XL:     3   Next: 82%
Magic:  3/10       EV: 13    Int: 20    God:
Gold:   54         SH:  0    Dex: 15    Spells: 2 memorised, 7 levels left

rFire  . . .     SeeInvis .     l - +2 whip (elec)
rCold  . . .     Gourm    .     a - +1 robe
rNeg   . . .     Faith    .     (no shield)
rPois  .         Spirit   .     (no helmet)
rElec  .         Dismiss  .     (no cloak)
rCorr  .         Reflect  .     (no gloves)
MR     .....     Harm     .     (no boots)
Stlth  +.........               (no amulet)
                                (no ring)
                                (no ring)

@: confused
A: no striking features
a: no special abilities


You were on level 4 of the Dungeon.
You were not hungry.

You visited 1 branch of the dungeon, and saw 4 of its levels.

You collected 54 gold pieces.

Inventory:

Hand Weapons
 k - a +0 short sword
 l - a +2 whip of electrocution (weapon)
Armour
 a - a +1 robe (worn)
Scrolls
 j - a scroll of remove curse
Potions
 d - a potion of heal wounds
 g - a potion of invisibility {unknown}
 i - a potion of degeneration {unknown}
 n - a potion of curing {unknown}
Books
 b - a book of Conjurations

   Spells                             Type                      Level
   a - Magic Dart                     Conjuration                  1
   b - Searing Ray                    Conjuration                  2
   c - Dazzling Spray                 Conjuration/Hexes            3
   d - Fulminant Prism                Conjuration/Hexes            4
   e - Iskenderun's Mystic Blast      Conjuration                  4
   f - Iskenderun's Battlesphere      Conjuration/Charms           5
Comestibles
 c - a bread ration


   Skills:
 - Level 2.4 Dodging
 - Level 2.4 Stealth
 + Level 4.2 Spellcasting
 * Level 5.4 Conjurations


You had 7 spell levels left.
You knew the following spells:

 Your Spells              Type           Power        Failure   Level  Hunger
a - Magic Dart            Conj           ####         1%          1    None
b - Searing Ray           Conj           ####..       1%          2    #......


Dungeon Overview and Level Annotations

Branches:
Dungeon (4/15)
 Temple: D:4-7

Altars:
Qazlal

Annotations:
D:3 PurpleRed's ghost, weakling DECj


Message History

Things that are here:
a dagger; a ring mail; an orc corpse Something barely misses you.
You hear some strange, mumbled words.
Something tries to affect you, but you resist.
Something hits you.
You miss something.
You hear some strange, mumbled words.
You are confused.
Something completely misses you.
You hear some strange, mumbled words.
You are more confused.
You barely miss something. Something hits you but does no damage.
You barely miss something. Something hits you.
You closely miss something. Something hits you.
You miss something. Something barely misses you.
You completely miss something. Something hits you.
* * * LOW HITPOINT WARNING * * *
You bump into the rock wall.
Something hits you.
You die...

######.#.. ##..........
#.......# #..#.#.#.#..
#.#.#.#.# #..........#
#.......#
#..#.#.#.#.####.#.#.#..
#............ .........
#..#.#.#.#.# #.#.#.#.#
#..........####.......#
#..#.#.#.#.....@....#
#.........)<...........
#......##...###.##..##.
######>##.......## .#
#.###..##........
#.###.......#.. #.
#..........##
#####......(..
##..#.####


There were no monsters in sight!

Vanquished Creatures
  A hound skeleton (D:4)
  A worm (D:2)
  A dart slug (D:3)
  6 orcs
  6 bats
  3 giant cockroaches (D:1)
  4 hobgoblins
  A quokka (D:3)
  3 giant newts
  3 goblins
  3 kobolds
  5 rats
37 creatures vanquished.

Notes
Turn   | Place    | Note
-------+----------+-------------------------------------------
     0 | D:1      | PurpleRed the Deep Elf Conjurer began the quest for the Orb.
     0 | D:1      | Reached XP level 1. HP: 10/10 MP: 6/6
   106 | D:1      | Reached XP level 2. HP: 15/15 MP: 2/8
   322 | D:2      | Learned a level 2 spell: Searing Ray
   324 | D:2      | Reached skill level 5 in Conjurations
   415 | D:3      | Noticed PurpleRed's ghost (weakling DECj)
   416 | D:3      | Found a stormy altar of Qazlal.
   438 | D:3      | Reached XP level 3. HP: 11/19 MP: 6/10
   619 | D:4      | Slain by an orc wizard

Vault maps used:
D:1:      dpeg_arrival_prison, minmay_three_crescents
D:3:      grunt_qazlal_clouds, kennysheep_crisscross
D:4:      marbit_many_paths, serial_glass, glass_columns_c, glass_columns_c,
          glass_columns_b, glass_columns_a, glass_columns_c, glass_columns_c,
          glass_columns_b, glass_columns_c

Skill      XL: |  1  2  3 |
---------------+----------+-----
Conjurations   | 5 |  5.4
Spellcasting   | 4 |  4.2
Dodging        | |  2.4
Stealth        | |  2.4

Action                   || total
-------------------------++-------
Melee: Dagger            ||    21
       Whip              ||    17
 Cast: Magic Dart        ||    32
       Searing Ray       ||     6
  Use: Scroll            ||     5
 Stab: Sleeping          ||     2
Armor: Robe              ||    21
Dodge: Dodged            ||    44
